AoeStats
← Alexis angel666

MegaRandom

510937271Analyzed
3v3 RM · 17h ago on Oct 3, 2026· 26m 51s· 6 players
Game mode
Random Map
Map size
Normal (6 player)
Population
200
Speed
Normal
Resources
Standard
Victory
Conquest
Starting age
Dark Age
Ending age
Imperial Age
RankedLock teamsTeams togetherTeam positionsShared explorationLock speedFull tech treeHidden civsTurbo modeCheats
Victory
Defeat
🇺🇸 Huns · United States
1024
+17
🇵🇱 Saracens · Poland
1020
+17
🇨🇳 Saxons · China
1015
+17
🇲🇽 Gurjaras · Mexico
1087
-19
🇲🇽 Magyars · Mexico
1084
-19
🇲🇽 Spanish · Mexico
944
-13
loomer41
12:10 Feudal Age
13:45 Double-Bit Axe
19:59 Horse Collar
26:19 Wheelbarrow
25:58 Forging
25:48 Scale Mail Armor
Viking
3:19 Loom
12:52 Feudal Age
16:54 Castle Age
27:24 Imperial Age
HG WELLS
1:40 Loom
11:31 Feudal Age
16:41 Castle Age
14:54 Horse Collar
15:16 Double-Bit Axe
17:11 Forging
20:35 Heavy Plow
21:14 Wheelbarrow
22:39 Scale Mail Armor
24:28 Squires
Alexis angel666
5:47 Loom
11:48 Feudal Age
18:39 Castle Age
Tersicox
SAGAS9447
7:20 Loom
9:50 Feudal Age
16:32 Scale Barding Armor
17:08 Bloodlines
20:28 Castle Age
18:41 Gold Mining
19:55 Horse Collar
21:24 Husbandry
22:32 Heavy Plow
22:19 Double-Bit Axe
Connection lost

Rejoining the realm…

Still unreachable

The connection could not be restored.

Session expired

The server has moved on; the page needs a fresh start.